 Dungeon Crawl Stone Soup version 0.25-a0-110-ge29c8f2358 (console) character file.

Game seed: 3378997327057209396, levelgen mode: deterministic

9551 Kagalorn the Whirler (level 11, 0/74 HPs)
             Began as a Halfling Hunter on Nov 20, 2019.
             Was an Elder of Okawaru.
             Slain by a troll (14 damage)
             ... on level 9 of the Dungeon.
             The game lasted 00:47:14 (14393 turns).

Kagalorn the Whirler (Halfling Hunter)             Turns: 14393, Time: 00:47:15

Health: 0/74       AC: 14    Str: 14    XL:     11   Next: 76%
Magic:  15/15      EV: 12    Int: 12    God:    Okawaru [****..]
Gold:   430        SH:  0    Dex: 16    Spells: 10/10 levels left

rFire    . . .     SeeInvis .   p - +3 scimitar
rCold    . . .     Gourm    .   (shield restricted)
rNeg     . . .     Faith    .   k - +0 chain mail
rPois    +         Spirit   .   n - +2 helmet {Int+3}
rElec    .         Reflect  .   C - +0 cloak
rCorr    .         Harm     .   (no gloves)
MR       .....                  (no boots)
Stlth    ..........             (no amulet)
HPRegen  0.22/turn              j - ring of poison resistance
MPRegen  0.14/turn              P - -2 ring of strength (curse)

@: no status effects
A: small, mutation resistance 1
a: Heroism, Renounce Religion


You were on level 9 of the Dungeon.
You worshipped Okawaru.
Okawaru was greatly pleased with you.
You were not hungry.

You visited 2 branches of the dungeon, and saw 12 of its levels.

You collected 779 gold pieces.
You spent 349 gold pieces at shops.

Inventory:

Hand Weapons
 a - a +1 hunting sling
 p - a +3 scimitar (weapon)
 A - a +0 short sword of holy wrath
 E - a +3 quarterstaff of chaos
 K - a +2 short sword of protection
Missiles
 d - 177 sling bullets
 e - 233 stones (quivered)
 w - 3 throwing nets
 x - 26 poisoned darts
Armour
 k - a +0 chain mail (worn)
 n - a +2 helmet of intelligence (worn)
 C - a +0 cloak (worn)
 O - a +0 plate armour
Jewellery
 b - an uncursed ring of positive energy
 j - a ring of poison resistance (left hand)
 G - an uncursed ring of see invisible
 H - the ring of Orthodoxy {rPois rN+ MR+ Str-5}
   (You found it on level 8 of the Dungeon)

   [ring of protection from magic]

   It affects your strength (-5).
   It protects you from poison.
   It protects you from negative energy.
   It affects your resistance to hostile enchantments.
 N - a +2 ring of dexterity
 P - a cursed -2 ring of strength (right hand)
 Q - an uncursed ring of magical power
 R - an uncursed ring of ice
 U - an uncursed ring of positive energy
Wands
 u - a wand of scattershot (8)
 z - a wand of flame (18)
 F - a wand of polymorph (5)
 L - a wand of iceblast (10)
Scrolls
 g - 4 scrolls of enchant weapon
 h - 2 scrolls of remove curse
 i - a scroll of blinking
 m - 2 scrolls of magic mapping
 o - 2 scrolls of fog
 q - 3 scrolls of amnesia
 t - 2 scrolls of fear
 y - a scroll of immolation
 D - 3 scrolls of identify
 S - a scroll of teleportation
 T - a scroll of silence {unknown}
Potions
 c - a potion of berserk rage
 l - 3 potions of curing
 r - a potion of mutation
 s - a potion of lignification
 v - a potion of might
 B - a potion of invisibility
 I - 2 potions of resistance
 J - a potion of agility
 M - a potion of magic
Comestibles
 f - 21 rations


   Skills:
 + Level 6.7 Fighting
 * Level 3.9 Long Blades
 + Level 16.0 Slings
 * Level 6.3 Armour
 * Level 6.2 Dodging
 + Level 6.0 Stealth
 * Level 5.7 Invocations


You had 10 spell levels left.
You didn't know any spells.
Your spell library contained the following spells:

 Spells                   Type           Power        Failure   Level  Hunger
 Magic Dart               Conj           #...         99%         1    ##.....
 Sandblast                Erth           #.....       99%         1    ##.....
 Blink                    Tloc           N/A          100%        2    ###....
 Call Imp                 Summ           #.......     100%        2    ###....
 Passwall                 Tmut/Erth      #.......     100%        2    ###....
 Slow                     Hex            #.......     100%        2    ###....
 Conjure Flame            Conj/Fire      #.......     100%        3    ####...
 Mephitic Cloud           Conj/Pois/Air  #.......     100%        3    ####...
 Stone Arrow              Conj/Erth      #.....       100%        3    ####...
 Petrify                  Tmut/Erth      #.......     100%        4    #####..
 Lee's Rapid Deconstruct  Erth           #.........   100%        5    ######.


Dungeon Overview and Level Annotations

Branches:
Dungeon (11/15)            Temple (1/1) D:4            Lair (0/6) D:9
    Orc (0/2) D:9

Altars:
Ashenzari
Cheibriados
Dithmenos
Elyvilon
Fedhas
Gozag
Hepliaklqana
Kikubaaqudgha
Makhleb
Nemelex Xobeh
Okawaru
Qazlal
Ru
Sif Muna
Trog
Uskayaw
Vehumet
Wu Jian
Xom
Yredelemnul
Zin
The Shining One
Lugonu

Shops:
D:5 *   D:7 (

Annotations:
D:7 2 runed translucent doors, Kagalorn's ghost, novice GnIE
D:11 Harold; Nergalle


Innate Abilities, Weirdness & Mutations

You are small and have problems with some larger weapons.
You are somewhat resistant to further mutation.


Message History

You slash the troll!
The troll is almost dead.
The troll bites you!
The troll claws you but does no damage. x2
You barely miss the troll.
The troll is almost dead.
The troll bites you.
* * * LOW HITPOINT WARNING * * *
The troll claws you!
* * * LOW HITPOINT WARNING * * *
The troll claws you but does no damage.
You feel like a meek peon again.
Things that are here:
a +0 long sword; an elf skeleton
There is a stone staircase leading up, spattered with blood here.
The troll closely misses you. x2; The troll claws you!
* * * LOW HITPOINT WARNING * * *
You climb upwards.
There is a stone staircase leading down, spattered with blood here.
The troll bites you!
You die...

###.........[รท..
#............<..
###.......#...)..
##...#.....##.....
#...##.....##..)..
##....#....<#......
#..................
##T##..............
#@##.##....##.....
########..........
###...............
#.........###....#
#...............##
##..###.......###
######........#
#...........#
#..........##


You could see a troll.

Vanquished Creatures
  2 deep elf magi
  A cyclops (D:10)
  An elephant (D:8)
  2 trolls
  A hornet (D:10)
  4 hippogriffs
  3 yaks
  A spriggan (D:7)
  A basilisk (D:9)
  2 vampire mosquitoes (D:8)
  A water moccasin (D:8)
  6 ice beasts
  5 orc warriors
  2 sky beasts
  2 black bears
  2 necrophages
  4 ogres
  2 crocodiles
  6 centaurs
  9 big kobolds
  4 bullfrogs
  A gnoll sergeant (D:10)
  A wyvern zombie (D:8)
  2 wyvern skeletons (D:9)
  5 scorpions
  5 killer bees (D:8)
  4 wights
  2 howler monkeys
  7 crimson imps
  A centaur zombie (D:9)
  2 jellies
  Crazy Yiuf (D:3)
  4 hounds
  2 bullfrog skeletons
  5 orc priests
  5 orc wizards
  7 worker ants
  2 hound skeletons
  13 adders
  6 gnolls
  A howler monkey skeleton (D:8)
  3 shadow imps
  3 oozes
  4 adder skeletons
  3 worms (D:2)
  2 dart slugs
  2 leopard geckos
  39 orcs
  3 giant cockroaches
  4 goblins
  15 hobgoblins
  13 jackals
  49 kobolds
  2 quokkas
  A ball python (D:1)
  A ball python zombie (D:3)
  15 bats
  2 frilled lizards
  A jackal skeleton (D:5)
  A leopard gecko skeleton (D:7)
  A quokka zombie (D:5)
  4 rats
305 creatures vanquished.

Vanquished Creatures (others)
  7 plants
7 creatures vanquished.

Grand Total: 312 creatures vanquished

Notes
Turn   | Place    | Note
-------+----------+-------------------------------------------
     0 | D:1      | Kagalorn the Halfling Hunter began the quest for the Orb.
     0 | D:1      | Reached XP level 1. HP: 14/14 MP: 1/1
    22 | D:1      | Reached skill level 6 in Slings
   162 | D:1      | Reached XP level 2. HP: 19/19 MP: 2/2
   500 | D:1      | Reached skill level 7 in Slings
   500 | D:1      | Reached XP level 3. HP: 24/24 MP: 3/3
  1197 | D:2      | Reached XP level 4. HP: 27/29 MP: 4/4
  1237 | D:2      | Reached skill level 8 in Slings
  1805 | D:2      | Reached XP level 5. HP: 27/34 MP: 5/5
  2111 | D:3      | Reached skill level 9 in Slings
  2657 | D:3      | Found a runed translucent door.
  2658 | D:3      | Noticed Crazy Yiuf
  2745 | D:2      | Found an ornate altar of the Wu Jian Council.
  2865 | D:4      | Reached XP level 6. HP: 39/39 MP: 6/6
  2972 | D:4      | Reached skill level 10 in Slings
  3031 | D:4      | Found a staircase to the Ecumenical Temple.
  3040 | Temple   | Entered the Ecumenical Temple
  3075 | Temple   | Became a worshipper of Warmaster Okawaru
  3162 | D:4      | Found a hazy altar of Hepliaklqana.
  3163 | D:4      | Found a shimmering altar of Xom.
  3164 | D:4      | Noticed a spectral ugly thing
  3300 | D:4      | Found a glowing golden altar of the Shining One.
  3754 | D:4      | Reached skill level 11 in Slings
  3754 | D:4      | Reached XP level 7. HP: 39/44 MP: 7/7
  3792 | D:4      | Reached * piety under Okawaru
  3895 | D:4      | Reached skill level 12 in Slings
  4111 | D:4      | Reached XP level 8. HP: 33/49 MP: 8/8
  4346 | D:5      | Entered Level 5 of the Dungeon
  4454 | D:5      | Reached skill level 13 in Slings
  4598 | D:5      | Found a blossoming altar of Fedhas.
  4762 | D:6      | Reached ** piety under Okawaru
  4885 | D:6      | Reached skill level 14 in Slings
  4899 | D:6      | Reached skill level 1 in Invocations
  4993 | D:5      | Found Urchon's Assorted Antiques.
  5291 | D:5      | Reached XP level 9. HP: 56/56 MP: 8/10
  5447 | D:5      | Bought a runed long sword for 143 gold pieces
  5447 | D:5      | Bought a murky yellow potion for 19 gold pieces
  5447 | D:5      | Bought a scroll labeled JOSMIWK XICVI for 22 gold pieces
  5447 | D:5      | Bought a glowing cloak for 165 gold pieces
  5756 | D:6      | Reached *** piety under Okawaru
  5815 | D:6      | Found a burning altar of Makhleb.
  5929 | D:6      | Noticed a deep elf mage
  5933 | D:6      | Noticed a demonic crawler
  5999 | D:6      | Noticed a demonic crawler
  6004 | D:6      | Noticed an orange demon
  6008 | D:6      | Noticed a red devil
  6084 | D:6      | Noticed an orange demon
  6087 | D:6      | Killed a deep elf mage
  6087 | D:6      | Reached skill level 15 in Slings
  6238 | D:6      | You fall into a shaft and drop 2 floors!
  6268 | D:8      | Reached skill level 5 in Fighting
  6294 | D:8      | Noticed a hippogriff
  6309 | D:8      | Killed a hippogriff
  6309 | D:8      | Reached skill level 1 in Armour
  6309 | D:8      | Reached XP level 10. HP: 32/66 MP: 10/12
  6330 | D:7      | Found a snail-covered altar of Cheibriados.
  6335 | D:7      | Noticed a komodo dragon
  7239 | D:7      | Reached **** piety under Okawaru
  7289 | D:7      | Found Xenonosk's Antique Weapon Shop.
  7396 | D:7      | Found a large runed translucent door.
  7397 | D:7      | Found a large runed translucent door.
  7400 | D:7      | Noticed Kagalorn's ghost (novice GnIE)
  7735 | D:3      | Killed Crazy Yiuf
  8409 | D:8      | Got a bound pewter ring
  8410 | D:8      | Identified the ring of Orthodoxy {rPois rN+ MR+ Str-5} (You
                  | found it on level 8 of the Dungeon)
  8423 | D:8      | Found a blossoming altar of Fedhas.
  8423 | D:8      | Found a shattered altar of Ashenzari.
  8480 | D:8      | You fall into a shaft and drop 3 floors!
  8480 | D:11     | Noticed Nergalle
  8480 | D:11     | Noticed a two-headed ogre
  8485 | D:11     | Noticed Harold
  8485 | D:11     | Noticed a two-headed ogre
  8489 | D:10     | Entered Level 10 of the Dungeon
  8819 | D:10     | Reached skill level 5 in Dodging
  9023 | D:9      | Found a staircase to the Orcish Mines.
  9381 | D:10     | Reached skill level 5 in Stealth
  9675 | D:10     | Noticed a cyclops
  9748 | D:9      | Noticed an elephant
  9836 | D:9      | Found a staircase to the Lair.
  9841 | D:8      | Found a hide-covered altar of Uskayaw.
 10395 | D:8      | Found a basalt altar of Yredelemnul.
 10395 | D:8      | Found a glowing silver altar of Zin.
 10400 | D:8      | Found a shadowy altar of Dithmenos.
 10402 | D:8      | Found a white marble altar of Elyvilon.
 10408 | D:8      | Found an ancient bone altar of Kikubaaqudgha.
 10752 | D:8      | Reached XP level 11. HP: 72/72 MP: 14/14
 10767 | D:8      | Received a gift from Okawaru
 11242 | D:8      | Reached skill level 5 in Armour
 11339 | D:8      | Reached skill level 5 in Invocations
 11513 | D:9      | Received a gift from Okawaru
 12220 | D:8      | Reached skill level 16 in Slings
 12694 | D:8      | Killed an elephant
 12694 | D:8      | Reached skill level 1 in Long Blades
 12846 | D:9      | Received a gift from Okawaru
 12885 | D:9      | Found a sparkling altar of Nemelex Xobeh.
 13065 | D:9      | Found a sacrificial altar of Ru.
 13493 | D:10     | Killed a cyclops
 13493 | D:10     | Received a gift from Okawaru
 13652 | D:10     | Noticed a deep elf mage
 13984 | D:10     | Killed a deep elf mage
 13984 | D:10     | Received a gift from Okawaru
 14393 | D:9      | Slain by a troll

Levels and vault maps discovered:
D:1:      dpeg_arrival_boxes_within_box, layout_basic
D:2:      layout_loops_cross, nicolae_overflow_hidden_temple
D:3:      layout_loops_ring, serial_undead, serial_undead_b, serial_undead_c,
          serial_undead_b, serial_undead_b, minmay_unequal,
          uniq_crazy_yiuf_cottage
D:4:      minmay_goblin_kobold_castle, layout_cave_pools,
          regret_index_temple_of_mockery, lemuel_crystal_altar,
          minmay_temple_entry_gardened_gates, first_ration
D:5:      layout_rooms, serial_shops, shop, fedhas_bush_and_centaur_altar
D:6:      cheibrodos_thug_alley, layout_basic, makhleb_blood_cavern_becter,
          st_stairs_9, solitary_fountain, minmay_crystal_room,
          grunt_ministairs_11, nrook_mini_backslash, guppyfry_early_elven_hall
D:7:      layout_loops_ring, serial_shops, nicolae_shop_trees, basic_altar,
          ebering_ghost_disaster_area, the_bakery
D:8:      layout_basic, chequers_temple_overflow_minitemple,
          eat_drink_and_be_merry_uskayaw,
          chequers_temple_overflow_statue_of_worship,
          minmay_misc_feat_secret_circle, eino_jars
D:9:      layout_cave_pools, kennysheep_mini, david_lair_generic, orc_0_dummy,
          basic_altar
D:10:     layout_roguey [special_room_orc], minmay_misc_feat_diagonals,
          chequers_serial_rivers_small_3, minmay_shattered_shrine
D:11:     layout_small_grid, serial_shops, shop, minmay_lizard_king,
          uniq_harold, uniq_nergalle, uniq_sonja
Temple:   corrupted_temple

Skill      XL: |  1  2  3  4  5  6  7  8  9 10 11 |
---------------+----------------------------------+-----
Slings         | 6 7 8 9 11 12 14 15 16 | 16.0
Fighting       | 3 5 6 |  6.7
Invocations    | 1 3 4 5 |  5.7
Stealth        | 2 3 5 6 |  6.0
Dodging        | 3 5 6 |  6.2
Armour         | 1 4 6 |  6.3
Long Blades    | 3 |  3.9

Action                   |  1- 3 |  4- 6 |  7- 9 | 10-12 || total
-------------------------+-------+-------+-------+-------++-------
Melee: Short sword       |   136 |   168 |       |       ||   304
       Hunting sling     |       |       |       |     2 ||     2
       Scimitar          |       |       |       |   249 ||   249
       Punch             |       |       |       |     3 ||     3
 Fire: Hunting sling     |     1 |   172 |   476 |   643 ||  1292
Invok: Heroism           |       |       |       |    12 ||    12
Evoke: Wand              |       |       |       |     1 ||     1
  Use: Scroll            |       |       |    15 |     7 ||    22
       Potion            |       |       |     1 |     1 ||     2
 Stab: Sleeping          |     3 |       |       |       ||     3
  Eat: Chunk             |     1 |     7 |     1 |    16 ||    25
       Ration            |       |       |     2 |     3 ||     5
Armor: Leather armour    |    14 |       |       |       ||    14
       Ring mail         |    61 |    92 |    20 |       ||   173
       Scale mail        |       |       |    44 |       ||    44
       Chain mail        |       |       |     9 |   362 ||   371
       Skin              |       |       |       |    53 ||    53
Dodge: Dodged            |   133 |   211 |   106 |   459 ||   909
       Rpst.: Scimitar   |       |       |       |    52 ||    52

Table legend:
 A = Non-vault XP
 B = Vault XP
 C = Vault XP percentage of total XP
 D = Non-vault monster count
 E = Vault monster count
 F = Vault count percentage of total count
                 A         B        C        D         E       F
            +---------+---------+-------+---------+---------+-------
      Total |    8769 |    4876 |  35.7 |     208 |      97 |  31.8
            +---------+---------+-------+---------+---------+-------
        D:1 |      32 |       0 |   0.0 |      19 |       0 |   0.0
        D:2 |     120 |       0 |   0.0 |      33 |       0 |   0.0
        D:3 |      43 |     168 |  79.6 |       9 |       7 |  43.8
        D:4 |     138 |     559 |  80.2 |       8 |      43 |  84.3
        D:5 |     764 |     112 |  12.8 |      26 |       1 |   3.7
        D:6 |     743 |    1029 |  58.1 |      17 |      16 |  48.5
        D:7 |    1136 |     205 |  15.3 |      25 |       1 |   3.8
        D:8 |    2948 |     879 |  23.0 |      36 |       7 |  16.3
        D:9 |    1136 |    1009 |  47.0 |      15 |       5 |  25.0
       D:10 |    1709 |     915 |  34.9 |      20 |      17 |  45.9
            +---------+---------+-------+---------+---------+-------
